 Dungeon Sprint DCSS version 0.32-a0-918-g0f22ef8d61 (webtiles) character file.

Game seed: 9597972759538540188

55111 Griffin23 the Impregnable (level 14, -5/157 HPs)
             Began as a Minotaur Berserker on Apr 10, 2024.
             Was the Champion of Trog.
             Slain by an iron golem (18 damage)
             ... in the Dungeon (Sprint V: "Ziggurat Sprint") on Apr 11, 2024.
             The game lasted 00:23:01 (1811 turns).

Griffin23 the Impregnable (Minotaur Berserker)      Turns: 1811, Time: 00:23:01

Health: -5/157     AC: 44    Str: 33    XL:     14   Next: 37%
Magic:  13/13      EV: 11    Int:  4    God:    Trog [******]
Gold:   5          SH: 34    Dex: 16    Spells: 13/13 levels left

rFire   + + .        H - +8 mithril axe "Arga" {speed, Will+}
rCold   . . .        A - +18 shield of the Gong {Loud rN+ Will+ rCorr EV-5}
rNeg    + + .        z - +15 Maxwell's patent armour {-Cast -Tele rElec Will+ rCorr}
rPois   +            V - +2 hat
rElec   +            C - +2 cloak {Will+}
rCorr   +            Q - +0 pair of gloves of Odepotuli {Rampage Str+8}
SInv    .            (no boots)
Will    +++++        Z - amulet of the Empty Page {Reflect rElec Dex-4 Slay+5 SH+5} Stlth
                     F - ring "Xocuf" {^Contam rPois Will+ Str+2 Slay+6}
HPRegen 0.00/turn    O - ring "Oxoroumn" {rF++ rN+ Dex+6}
MPRegen 0.13/turn

%: no teleportation, no spellcasting, reflection, rampage
@: on berserk cooldown, inhibited regen, slowed, studying Earth Magic, very slow
A: horns 2, retaliatory headbutt, inhibited regeneration, inability to read
after injury 1
a: Renounce Religion, Berserk, Trog's Hand, Brothers in Arms


You were in the Dungeon.
You worshipped Trog.
Trog was exalted by your worship.
You visited 1 branch You collected 5 gold pieces.

Inventory:

Hand Weapons
 y - the +16 obsidian axe {drain, demonic, Mesm ^Drain Fly SInv}
   (You found it in the Dungeon)

   Mesm:      Its wielder is mesmerised by any visible foes, and it cannot be
   unequipped while any foes are visible.
   SInv:      It lets you see invisible.
   Fly:       It grants you flight.
   ^Drain:    It drains your maximum health when unequipped.
 B - the +11 plutonium sword {^Contam Stlth-}
   (You found it in the Dungeon)

   ^Contam:   It causes magical contamination when unequipped.
   Stlth-:    It makes you less stealthy.
 H - the +8 mithril axe "Arga" (weapon) {speed, Will+}
   (You found it in the Dungeon)

   Will+:     It increases your willpower.
 M - the +11 war axe of Isesoyd {antimagic, rPois rF+ rN+}
   (Trog gifted it to you in the Dungeon)

   rF+:       It protects you from fire.
   rPois:     It protects you from poison.
   rN+:       It protects you from negative energy.
 R - the +12 hand axe "Jellybane" {venom, rElec Int+3}
   (You found it in the Dungeon)

   Int+3:     It affects your intelligence (+3).
   rElec:     It insulates you from electricity.
 T - the +1 broad axe "Turch" {drain, rPois Int+2}
   (You found it in the Dungeon)

   Int+2:     It affects your intelligence (+2).
   rPois:     It protects you from poison.
Armour
 z - the +15 Maxwell's patent armour (worn) {-Cast -Tele rElec Will+ rCorr}
   (You found it in the Dungeon)

   rElec:     It insulates you from electricity.
   Will+:     It increases your willpower.
   -Cast:     It prevents spellcasting.
   -Tele:     It prevents most forms of teleportation.
   rCorr:     It protects you from acid and corrosion.
 A - the +18 shield of the Gong (worn) {Loud rN+ Will+ rCorr EV-5}
   (You found it in the Dungeon)

   Loud:      It is deafeningly noisy when blocking attacks.
   EV-5:      It affects your evasion (-5).
   rN+:       It protects you from negative energy.
   Will+:     It increases your willpower.
   rCorr:     It protects you from acid and corrosion.
 C - a +2 cloak of willpower (worn)
 Q - the +0 pair of gloves of Odepotuli (worn) {Rampage Str+8}
   (You found it in the Dungeon)

   Str+8:     It affects your strength (+8).
   Rampage:   It bestows one free step when moving towards enemies.
 V - a +2 hat (worn)
Jewellery
 m - the amulet of Efferale {Acrobat Str+2 Int+2}
   (You found it in the Dungeon)

   [amulet of the acrobat]

   Acrobat:   It increases your evasion while moving and waiting.
   Str+2:     It affects your strength (+2).
   Int+2:     It affects your intelligence (+2).
 n - a ring of flight
 o - the brooch of Shielding {Spirit SH+8}
   (You found it in the Dungeon)

   [amulet of guardian spirit]

   Spirit:    It causes incoming damage to be divided between your reserves of
   health and magic.
   SH+8:      It affects your SH (+8).
 p - a +6 ring of dexterity
 q - a +6 ring of intelligence
 s - a +6 ring of strength
 t - a +6 ring of intelligence
 w - a ring of fire
 F - the ring "Xocuf" (left hand) {^Contam rPois Will+ Str+2 Slay+6}
   (You found it in the Dungeon)

   [ring of willpower]

   Str+2:     It affects your strength (+2).
   Slay+6:    It affects your accuracy & damage with ranged weapons and melee
   (+6).
   rPois:     It protects you from poison.
   Will+:     It increases your willpower.
   ^Contam:   It causes magical contamination when unequipped.
 J - the ring of the Wereyak {MP+9 Int+6 SInv}
   (You found it in the Dungeon)

   [ring of intelligence]

   Int+6:     It affects your intelligence (+6).
   MP+9:      It affects your magic capacity (+9).
   SInv:      It lets you see invisible.
 L - an amulet of regeneration
 N - a ring of poison resistance
 O - the ring "Oxoroumn" (right hand) {rF++ rN+ Dex+6}
   (You found it in the Dungeon)

   [ring of dexterity]

   Dex+6:     It affects your dexterity (+6).
   rF++:      It greatly protects you from fire.
   rN+:       It protects you from negative energy.
 P - an amulet of magic regeneration
 S - an amulet of faith
 U - the ring of Untruth {rC+ Int+6 Dex+2}
   (You found it in the Dungeon)

   [ring of intelligence]

   Int+6:     It affects your intelligence (+6).
   Dex+2:     It affects your dexterity (+2).
   rC+:       It protects you from cold.
 Z - the amulet of the Empty Page (around neck) {Reflect rElec Dex-4 Slay+5 SH+5}
   (You found it in the Dungeon)

   [amulet of reflection]

   Reflect:   It reflects blocked missile attacks.
   Dex-4:     It affects your dexterity (-4).
   Slay+5:    It affects your accuracy & damage with ranged weapons and melee
   (+5).
   rElec:     It insulates you from electricity.
   SH+5:      It affects your SH (+5).
Wands
 u - a wand of mindburst (15)
 G - a wand of flame (68)
 I - a wand of paralysis (19)
 X - a wand of roots (15)
 Y - a wand of polymorph (10)
Scrolls
 h - 4 scrolls of blinking
 k - 6 scrolls of fog
 l - 5 scrolls of identify
 v - 2 scrolls of brand weapon
Potions
 a - 2 potions of invisibility
 b - 4 potions of resistance
 c - 10 potions of curing
 d - 3 potions of heal wounds
 e - 6 potions of haste
 f - 7 potions of magic
 g - 3 potions of berserk rage
 j - 5 potions of might
Miscellaneous
 i - a lightning rod (4/4)
 r - a phantom mirror
 D - a tin of tremorstones (1/2)


   Skills:
 + Level 23.5 Fighting
 - Level 6.7 Long Blades
 - Level 23.2 Axes
 + Level 24.6 Armour
 + Level 17.0 Dodging
 - Level 8.7 Shields
 + Level 14.2 Evocations


You had 13 spell levels left.
You didn't know any spells.
Your spell library was empty.

Dungeon Overview and Level Annotations

Branches:
Dungeon (1/1)

Altars:
Ashenzari
Cheibriados
Dithmenos
Elyvilon
Fedhas
Gozag
Hepliaklqana
Kikubaaqudgha
Makhleb
Nemelex Xobeh
Okawaru
Qazlal
Ru
Sif Muna
Trog
Uskayaw
Vehumet
Wu Jian
Xom
Yredelemnul
Zin
The Shining One
Beogh
Jiyva
Lugonu

Annotations:
D 1 transporter


Innate Abilities, Weirdness & Mutations

You have a pair of horns on your head.
You reflexively headbutt those who attack you in melee.
You do not regenerate when monsters are visible.
You occasionally lose the ability to read scrolls when taking damage.


Message History

The iron golem misses you.
You feel much better. The iron golem hits you!
* * * LOW HITPOINT WARNING * * *
You block the iron golem's attack.
GONNNNG!
You block the iron golem's attack.
PANG!
You block the iron golem's attack.
BONNNG!
The iron golem completely misses you. The iron golem barely misses you.
Okay, then.
The tremorstone explodes into fragments!
The burst of rock shards engulfs the earth elemental.
The burst of rock shards engulfs the iron golem but does no damage.
The burst of rock shards engulfs the earth elemental but does no damage.
The burst of rock shards engulfs the iron golem!
The burst of rock shards engulfs the earth elemental but does no damage.
The burst of rock shards engulfs the iron golem but does no damage.
The burst of rock shards engulfs the earth elemental but does no damage.
The burst of rock shards engulfs the iron golem.
The burst of rock shards engulfs the earth elemental!
The burst of rock shards engulfs the iron golem but does no damage.
The burst of rock shards engulfs the earth elemental but does no damage.
The burst of rock shards engulfs the iron golem.
The burst of rock shards engulfs the earth elemental but does no damage.
The burst of rock shards engulfs the iron golem but does no damage.
You block the iron golem's attack.
PANG!
You block the iron golem's attack.
PANG!
The iron golem hits you!!
* * * LOW HITPOINT WARNING * * *
You block the iron golem's attack.
GONNNNG!
The iron golem hits you but does no damage. x3
The iron golem hits you.
* * * LOW HITPOINT WARNING * * *
The iron golem hits you but does no damage.
The iron golem hits you!!
You die...

)):):|[:|)[.▓...........▓.
.!=)|||/|[..▓...........▓.
............▓..▓.....▓..▓.
............▓.▓▓▓...▓▓▓)▓.
.............▓..▓.....▓).▓.
▓.........D...▓.....©.....▓.
▓.........9.9.▓▓▓▓▓▓▓▓▓▓▓▓▓▓
..▓....9E9▓99▓...ß©ß...▓...
▓ ▓.▓.....▓@▓.▓....:).).▓..:
▓..▓......9▓9.▓..)).:...▓..)
▓.............▓.........▓...
▓......©......▓.........▓...
▓▓▓▓▓▓▓▓▓▓▓▓▓▓▓.........▓...
▓....)....▓...
▓.........▓...
▓.▓.....▓.▓.▓.
▓....©)...▓...


You could see 7 iron golems, an iron dragon, a crystal guardian and an earth
elemental.

Vanquished Creatures
  Saint Roka (D)
  Nikola (D)
  A deep elf blademaster (D)
  2 quicksilver dragons (D)
  An acid blob (D)
  Kirke (D)
  Gastronok (D)
  Donald (D)
  2 daevas (D)
  2 rockslimes (D)
  A deep elf sorcerer (D)
  Louise (D)
  An ironbound thunderhulk (D)
  2 ironbound preservers (D)
  An ophan (D)
  A black draconian (D)
  A white draconian (D)
  An iron golem (D)
  2 crystal guardians (D)
  2 great orbs of eyes (D)
  2 deep elf high priests (D)
  2 spriggan air magi (D)
  2 dancing weapons (D)
  Erica (D)
  2 two-headed ogres (D)
  Urug (D)
  Sonja (D)
  3 deep elf knights (D)
  2 deep elf archers (D)
  A cherub (D)
  An arcanist (D)
  2 deep elf zephyrmancers (D)
  An ironbound convoker (D)
  2 deep elf pyromancers (D)
  An elephant (D)
  2 shining eyes (D)
  2 draconians (D)
  Maurice (D)
  3 guardian serpents (D)
  4 eyes of devastation (D)
  6 black mambas (D)
  A naga mage (D)
  5 cane toads (D)
  3 komodo dragons (D)
  A yaktaur (D)
  A jumping spider (D)
  A blink frog (D)
  A dream sheep (D)
  2 slime creatures (D)
  2 wyverns (D)
  4 yaks (D)
  3 fire elementals (D)
  Grum (D)
  3 nagas (D)
  4 water moccasins (D)
  An orc warrior (D)
  3 phantoms (D)
  An ogre (D)
  A bullfrog (D)
  Blork the orc (D)
  A scorpion (D)
  4 earth elementals (D)
  An orc priest (D)
  Terence (D)
  3 orc wizards (D)
  A hell rat (D)
  2 adders (D)
  3 orcs (D)
  3 ball pythons (D)
  3 ball python zombies (D)
129 creatures vanquished.

Vanquished Creatures (collateral kills)
  A pearl dragon (D)
  A green draconian (D)
  A deep elf archer (D)
  2 wolf spiders (D)
  4 draconians (D)
  2 tarantellas (D)
  A redback (D)
  3 scorpions (D)
  2 orc wizards (D)
  An adder skeleton (D)
18 creatures vanquished.

Grand Total: 147 creatures vanquished

Notes
Turn   | Place    | Note
-------+----------+-------------------------------------------
     0 | D        | Griffin23 the Minotaur Berserker began the quest for the
                  | Orb.
     0 | D        | Reached XP level 1. HP: 19/19 MP: 0/0
     7 | D        | Found a shimmering blue altar of Sif Muna.
     7 | D        | Found a sacrificial altar of Ru.
     7 | D        | Found a bloodstained altar of Trog.
     7 | D        | Found a stormy altar of Qazlal.
     7 | D        | Found an iron altar of Okawaru.
     7 | D        | Found a sparkling altar of Nemelex Xobeh.
     7 | D        | Found a blossoming altar of Fedhas.
     7 | D        | Found the +6 Majin-Bo {spellvamp, MP+6 Int+6}
     7 | D        | Found the +27 heavy crossbow "Sniper" {heavy, Acc+∞ SInv}
     7 | D        | Found the +10 dark maul {heavy}
     7 | D        | Found the +15 Maxwell's patent armour {-Cast -Tele rElec
                  | Will+ rCorr}
     7 | D        | Found the +18 shield of the Gong {Loud rN+ Will+ rCorr
                  | EV-5}
     7 | D        | Found the +16 obsidian axe {drain, demonic, Mesm ^Drain Fly
                  | SInv}
     7 | D        | Found the +7 great mace "Firestarter" {flame, immolate,
                  | rFlCloud rF++}
     7 | D        | Found the +6 shillelagh "Devastator" {shatter}
     7 | D        | Found the +11 plutonium sword {^Contam Stlth-}
     7 | D        | Found the +8 lance "Wyrmbane" {slay drac, rPois rF+ rC+
                  | AC+3}
     7 | D        | Found the +9 sword of Zonguldrok {reap}
     7 | D        | Found the +13 scythe of Curses {drain, curses, ^Drain}
     7 | D        | Found the +9 sword of Power {lifebolt}
     7 | D        | Found the +7 mace of Variability {chaos, chaos arc}
     7 | D        | Found the +11 Singing Sword {sonic wave}
     7 | D        | Found the +8 storm bow {elec, penet}
     9 | D        | Found a transporter.
     9 | D        | Found an ancient bone altar of Kikubaaqudgha.
     9 | D        | Found a viscous altar of Jiyva.
     9 | D        | Found a corrupted altar of Lugonu.
     9 | D        | Found a hazy altar of Hepliaklqana.
     9 | D        | Found a burning altar of Makhleb.
     9 | D        | Found an opulent altar of Gozag.
    75 | D        | Entered arena 2.
    75 | D        | Noticed a phantom
    75 | D        | Found a transporter.
    78 | D        | Killed a phantom
    79 | D        | Reached skill level 4 in Armour
    79 | D        | Reached skill level 1 in Shields
    79 | D        | Reached XP level 2. HP: 31/31 MP: 1/1
    79 | D        | Reached XP level 3. HP: 38/38 MP: 2/2
    79 | D        | Reached XP level 4. HP: 45/45 MP: 3/3
    93 | D        | Reached XP level 5. HP: 51/51 MP: 4/4
    98 | D        | Entered arena 3.
    98 | D        | Noticed an ogre
    98 | D        | Noticed a two-headed ogre
    98 | D        | Noticed a two-headed ogre
    98 | D        | Found a transporter.
   104 | D        | Killed an ogre
   104 | D        | Reached ** piety under Trog
   109 | D        | Killed a two-headed ogre
   110 | D        | Reached skill level 7 in Armour
   110 | D        | Reached XP level 6. HP: 54/63 MP: 5/5
   110 | D        | Reached XP level 7. HP: 60/70 MP: 6/6
   114 | D        | Killed a two-headed ogre
   115 | D        | Reached skill level 10 in Fighting
   115 | D        | Reached skill level 15 in Axes
   115 | D        | Reached skill level 8 in Armour
   115 | D        | Reached XP level 8. HP: 80/80 MP: 7/7
   136 | D        | Entered arena 4.
   136 | D        | Found a transporter.
   139 | D        | Reached *** piety under Trog
   154 | D        | Got the +0 plate armour of the Cockatrice {rN+ rCorr
                  | Slay+2}
   157 | D        | Entered arena 5.
   157 | D        | Noticed a tarantella
   157 | D        | Found a transporter.
   159 | D        | Reached **** piety under Trog
   160 | D        | Killed a tarantella
   161 | D        | Reached skill level 9 in Armour
   166 | D        | Got the ring "Xocuf" {^Contam rPois Will+ Str+2 Slay+6}
   178 | D        | Entered arena 6.
   178 | D        | Found a transporter.
   181 | D        | Reached ***** piety under Trog
   203 | D        | Entered arena 7.
   204 | D        | Found a transporter.
   206 | D        | Reached XP level 9. HP: 89/89 MP: 8/8
   208 | D        | Received a gift from Trog
   237 | D        | Entered arena 8.
   237 | D        | Noticed a wolf spider
   237 | D        | Noticed a wolf spider
   239 | D        | Killed a wolf spider
   239 | D        | Received a gift from Trog
   240 | D        | Reached skill level 10 in Armour
   241 | D        | Found a transporter.
   241 | D        | Killed a wolf spider
   242 | D        | Reached skill level 11 in Armour
   244 | D        | Reached ****** piety under Trog
   249 | D        | Got the ring of the Wereyak {MP+9 Int+6 SInv}
   323 | D        | Entered arena 9.
   323 | D        | Noticed an ironbound thunderhulk
   323 | D        | Noticed a yaktaur
   323 | D        | Noticed an ironbound preserver
   323 | D        | Noticed an arcanist
   323 | D        | Noticed an ironbound preserver
   323 | D        | Noticed an ironbound convoker
   323 | D        | Noticed a great orb of eyes
   328 | D        | Found a transporter.
   332 | D        | Killed a great orb of eyes
   332 | D        | Killed an ironbound preserver
   332 | D        | Identified the +8 hand axe of Optimality {heavy, rC+
                  | Stlth+} (Trog gifted it to you in the Dungeon)
   332 | D        | Received a gift from Trog
   333 | D        | Reached skill level 12 in Armour
   333 | D        | Reached XP level 10. HP: 102/102 MP: 9/9
   333 | D        | Killed an ironbound preserver
   334 | D        | Reached skill level 13 in Armour
   334 | D        | Killed an arcanist
   335 | D        | Killed an ironbound thunderhulk
   335 | D        | Received a gift from Trog
   336 | D        | Killed an ironbound convoker
   337 | D        | Reached skill level 15 in Fighting
   337 | D        | Reached skill level 14 in Armour
   396 | D        | Entered arena 10.
   396 | D        | Noticed a deep elf knight
   396 | D        | Noticed a deep elf archer
   396 | D        | Noticed a +2 vampiric hand axe
   396 | D        | Noticed a deep elf pyromancer
   396 | D        | Noticed a deep elf knight
   396 | D        | Noticed a +1 war axe of distortion
   398 | D        | Found a transporter.
   400 | D        | Killed a +2 vampiric hand axe
   401 | D        | Reached XP level 11. HP: 112/112 MP: 10/10
   402 | D        | Killed a +1 war axe of distortion
   406 | D        | Killed a deep elf pyromancer
   407 | D        | Killed a deep elf knight
   407 | D        | Received a gift from Trog
   408 | D        | Reached skill level 15 in Armour
   411 | D        | Killed a deep elf knight
   417 | D        | Killed a deep elf archer
   463 | D        | Entered arena 11.
   463 | D        | Noticed a black draconian
   463 | D        | Noticed a green draconian
   463 | D        | Noticed a white draconian
   467 | D        | Found a transporter.
   469 | D        | Reached skill level 1 in Evocations
   470 | D        | Killed a white draconian
   470 | D        | Identified the +11 war axe of Isesoyd {antimagic, rPois rF+
                  | rN+} (Trog gifted it to you in the Dungeon)
   470 | D        | Received a gift from Trog
   473 | D        | Reached skill level 5 in Dodging
   475 | D        | Reached skill level 16 in Armour
   475 | D        | Killed a green draconian
   481 | D        | Received a gift from Trog
   485 | D        | Killed a black draconian
   486 | D        | Reached skill level 5 in Evocations
   691 | D        | Entered arena 12.
   691 | D        | Found the +8 longbow "Zephyr" {speed, Dex+3 SInv}
   691 | D        | Noticed a spriggan air mage
   692 | D        | Noticed a spriggan air mage
   693 | D        | Found a transporter.
   696 | D        | Reached XP level 12. HP: 98/125 MP: 11/11
   700 | D        | Received a gift from Trog
   701 | D        | Reached skill level 17 in Armour
   702 | D        | Killed a spriggan air mage
   703 | D        | Killed a spriggan air mage
   703 | D        | Received a gift from Trog
   757 | D        | Got the ring "Oxoroumn" {rF++ rN+ Dex+6}
   783 | D        | Entered arena 13.
   783 | D        | Noticed a pearl dragon
   783 | D        | Noticed a daeva
   783 | D        | Noticed a daeva
   783 | D        | Noticed an ophan
   799 | D        | Killed a daeva
   801 | D        | Killed a pearl dragon
   803 | D        | Killed an ophan
   804 | D        | Reached skill level 18 in Armour
   804 | D        | Reached skill level 10 in Dodging
   813 | D        | Killed a daeva
   819 | D        | Found the +8 mithril axe "Arga" {speed, Will+}
   820 | D        | Found a transporter.
  1117 | D        | Got the amulet of Efferale {Acrobat Str+2 Int+2}
  1130 | D        | Got the +0 pair of gloves of Odepotuli {Rampage Str+8}
  1154 | D        | Entered arena 14.
  1261 | D        | Noticed a rockslime
  1261 | D        | Noticed an acid blob
  1261 | D        | Noticed a great orb of eyes
  1261 | D        | Noticed a rockslime
  1261 | D        | Gained mutation: You occasionally lose the ability to read
                  | scrolls when taking damage. [a shining eye]
  1274 | D        | Killed a rockslime
  1280 | D        | Killed a rockslime
  1280 | D        | Received a gift from Trog
  1283 | D        | Killed an acid blob
  1285 | D        | Reached skill level 19 in Armour
  1290 | D        | Killed a great orb of eyes
  1291 | D        | Reached XP level 13. HP: 92/139 MP: 12/12
  1292 | D        | Received a gift from Trog
  1293 | D        | Gained mutation: You do not regenerate when monsters are
                  | visible. [a shining eye]
  1304 | D        | Found a transporter.
  1340 | D        | Got the +12 hand axe "Jellybane" {venom, rElec Int+3}
  1345 | D        | Entered arena 15.
  1410 | D        | Noticed a deep elf sorcerer
  1410 | D        | Identified the +0 ring mail "Remotojy" {Rampage Will+}
  1410 | D        | Noticed a deep elf blademaster
  1412 | D        | Received a gift from Trog
  1413 | D        | Reached skill level 10 in Evocations
  1415 | D        | Received a gift from Trog
  1415 | D        | Killed a deep elf sorcerer
  1416 | D        | Reached skill level 20 in Armour
  1419 | D        | Killed a deep elf blademaster
  1420 | D        | Found a transporter.
  1423 | D        | Reached skill level 21 in Armour
  1424 | D        | Received a gift from Trog
  1455 | D        | Got the +1 broad axe "Turch" {drain, rPois Int+2}
  1457 | D        | Got the ring of Untruth {rC+ Int+6 Dex+2}
  1476 | D        | Entered arena 16.
  1484 | D        | Noticed Terence
  1484 | D        | Identified the +1 pair of gloves of Tenacity {Rampage}
  1484 | D        | Noticed Nikola
  1484 | D        | Noticed Gastronok
  1484 | D        | Noticed Erica
  1484 | D        | Noticed Blork the orc
  1484 | D        | Noticed Maurice
  1484 | D        | Noticed Sonja
  1484 | D        | Noticed Louise
  1484 | D        | Noticed Donald
  1485 | D        | Noticed Kirke
  1485 | D        | Noticed Urug
  1486 | D        | Killed Terence
  1486 | D        | Noticed Saint Roka
  1488 | D        | Killed Maurice
  1488 | D        | Received a gift from Trog
  1488 | D        | Noticed Grum
  1491 | D        | Killed Urug
  1492 | D        | Killed Blork the orc
  1492 | D        | Killed Erica
  1492 | D        | Killed Sonja
  1492 | D        | Received a gift from Trog
  1497 | D        | Killed Donald
  1498 | D        | Reached skill level 22 in Armour
  1499 | D        | Killed Kirke
  1501 | D        | Killed Nikola
  1501 | D        | Received a gift from Trog
  1503 | D        | Killed Grum
  1507 | D        | Killed Saint Roka
  1508 | D        | Reached skill level 23 in Armour
  1508 | D        | Reached skill level 15 in Dodging
  1508 | D        | Killed Gastronok
  1516 | D        | Killed Louise
  1558 | D        | Found a transporter.
  1575 | D        | Got the amulet of the Empty Page {Reflect rElec Dex-4
                  | Slay+5 SH+5}
  1634 | D        | Entered arena 17.
  1642 | D        | Found the +9 staff of Olgreb {rPois∞}
  1649 | D        | Received a gift from Trog
  1653 | D        | Reached XP level 14. HP: 155/155 MP: 13/13
  1657 | D        | Found the brooch of Shielding {Spirit SH+8}
  1658 | D        | Found a transporter.
  1662 | D        | Received a gift from Trog
  1695 | D        | Entered arena 18.
  1702 | D        | Found the +7 captain's cutlass {speed, disarm}
  1710 | D        | Received a gift from Trog
  1713 | D        | Reached skill level 24 in Armour
  1717 | D        | Received a gift from Trog
  1723 | D        | Found a transporter.
  1757 | D        | Entered arena 19.
  1763 | D        | Noticed a quicksilver dragon
  1764 | D        | Noticed a quicksilver dragon
  1764 | D        | Noticed an iron dragon
  1770 | D        | Killed a quicksilver dragon
  1771 | D        | Found a transporter.
  1773 | D        | Received a gift from Trog
  1781 | D        | Killed a quicksilver dragon
  1811 | D        | Slain by an iron golem

Illustrated notes

Levels and vault maps discovered:
D:        sprint_v [room_start, room_1, room_2, room_3, room_4, room_5, room_6,
          room_7, room_8, room_9, room_10, room_11, room_12, room_13, room_14,
          room_15, room_16, room_17, room_18, room_19, room_20, room_21,
          room_22, room_23, room_24, room_25, room_26, room_27]

Skill      XL: |  1  2  3  4  5  6  7  8  9 10 11 12 13 14 |
---------------+-------------------------------------------+-----
Fighting       | 6 9 10 11 13 15 17 19 22 23 | 23.5
Long Blades    | 6 |  6.7
Axes           | 2 12 14 15 16 20 21 23 | 23.2
Armour         | 4 7 8 9 12 14 16 19 23 24 | 24.6
Dodging        | 3 7 11 15 17 | 17.0
Shields        | 1 6 7 8 |  8.7
Evocations     | 5 9 12 14 | 14.2

Action                     |  1- 3 |  4- 6 |  7- 9 | 10-12 | 13-15 || total
---------------------------+-------+-------+-------+-------+-------++-------
  Melee: Broad axe         |     2 |     3 |    20 |    79 |   111 ||   215
         Headbutt          |     1 |       |     6 |    19 |    29 ||    55
 Invoke: Berserk           |       |       |     2 |     3 |     2 ||     7
  Evoke: Wand              |       |     7 |     4 |    10 |    10 ||    31
         Tin of tremorston |       |       |     2 |     1 |     4 ||     7
    Use: Potion            |       |     1 |       |     7 |     4 ||    12
         Scroll            |       |     1 |     2 |     2 |       ||     5
   Stab: Invisible         |       |     2 |       |     1 |       ||     3
 Armour: Plate armour      |     3 |     1 |     5 |    42 |    48 ||    99
  Dodge: Dodged            |       |       |       |     1 |    18 ||    19
  Block: Kite shield       |     6 |     1 |    23 |    70 |   124 ||   224
         Reflection        |       |       |       |       |     3 ||     3

Table legend: (Time is in decaauts)
 A = Elapsed time spent in this place.
 B = Non-inter-level travel time spent in this place.
 C = Inter-level travel time spent in this place.
 D = Time resting spent in this place.
 E = Time spent auto-exploring this place.
 F = Levels seen in this place.
 G = Mean time per level.
                   A        B        C        D        E       F      G
               +--------+--------+--------+--------+--------+-----+--------+
         Total |   1785 |   1785 |      0 |    712 |    138 |   1 | 1785.0 |
       Dungeon |   1785 |   1785 |      0 |    712 |    138 |   1 | 1785.0 |
               +--------+--------+--------+--------+--------+-----+--------+

Top non-repeatable levels by time:
       D: 1785 daAuts
